AoeStats
← ddk

Arena

509126224Analyzed
2v2 RM · 6d ago on Sep 25, 2026· 37m 35s· 4 players
Game mode
Random Map
Map size
Medium (4 player)
Population
200
Speed
Normal
Resources
Standard
Victory
Conquest
Starting age
Dark Age
Ending age
Imperial Age
RankedLock teamsTeams togetherTeam positionsShared explorationLock speedFull tech treeHidden civsTurbo modeCheats
Victory
Defeat
🇸🇰 Bohemians · Slovakia
966
+14
🇹🇷 Franks · Türkiye
949
+14
🇫🇷 Khmer · France
919
-14
🇫🇷 Franks · France
918
-14
Bafode_44
0:39 Loom
12:38 Feudal Age
18:05 Castle Age
31:23 Imperial Age
28:43 Double-Bit Axe
28:43 Horse Collar
29:56 Wheelbarrow
30:11 Caravan
32:07 Double Crossbow
33:36 Bloodlines
32:49 Light Cavalry
34:30 Hussar
35:29 Capped Ram
floping44
0:52 Loom
12:05 Feudal Age
18:44 Castle Age
28:09 Husbandry
32:23 Imperial Age
29:50 Gold Mining
30:51 Town Watch
32:22 Gold Shaft Mining
32:27 Cavalier
33:30 Conscription
33:05 Double-Bit Axe
35:13 Chemistry
34:12 Paladin
ddk
10:29 Feudal Age
11:01 Double-Bit Axe
11:04 Horse Collar
18:22 Castle Age
19:08 Loom
21:01 Heavy Plow
21:27 Bow Saw
30:36 Imperial Age
28:03 Pikeman
28:51 Scale Mail Armor
29:42 Wheelbarrow
28:53 Town Watch
29:38 Squires
29:27 Arson
30:44 Hand Cart
31:09 Chain Mail Armor
31:04 Forging
30:46 Fletching
31:31 Elite Hussite Wagon
33:23 Chemistry
32:35 Masonry
33:06 Wagenburg Tactics
33:42 Conscription
34:20 Halberdier
36:00 Plate Mail Armor
36:05 Iron Casting
mashuab91
9:39 Loom
11:24 Feudal Age
10:45 Loom
15:06 Castle Age
14:10 Double-Bit Axe
15:47 Wheelbarrow
16:47 Bow Saw
17:02 Stone Mining
19:10 Gold Mining
21:54 Gold Shaft Mining
23:19 Hand Cart
28:28 Imperial Age
26:44 Forging
26:25 Fletching
26:49 Padded Archer Armor
28:40 Scale Mail Armor
28:56 Leather Archer Armor
28:36 Bodkin Arrow
30:10 Chemistry
29:31 Ballistics
30:38 Chain Mail Armor
29:53 Ordonnance Companies
33:04 Plate Mail Armor
33:38 Iron Casting
34:45 Hoardings
34:23 Caravan
34:54 Coinage
34:11 Pikeman
34:52 Squires
37:01 Elite Throwing Axeman
Connection lost

Rejoining the realm…

Still unreachable

The connection could not be restored.

Session expired

The server has moved on; the page needs a fresh start.